AoeStats
← 区铢魏.建筑平面化账号.只能禁用UHD.无法开启UHD

African Clearing

507014285Analyzed
2v2 RM · 17d ago on Sep 16, 2026· 30m 42s· 4 players
Game mode
Random Map
Map size
Medium (4 player)
Population
200
Speed
Normal
Resources
Standard
Victory
Conquest
Starting age
Dark Age
Ending age
Imperial Age
RankedLock teamsTeams togetherTeam positionsShared explorationLock speedFull tech treeHidden civsTurbo modeCheats
Victory
Defeat
🇨🇴 Cumans · Colombia
1118
+10
🇨🇴 Britons · Colombia
911
+18
🇷🇺 Italians · Russia
948
-13
区铢魏.建筑平面化账号.只能禁用UHD.无法开启UHD
4:29 Loom
12:01 Loom
14:41 Feudal Age
17:29 Double-Bit Axe
19:50 Castle Age
18:50 Gold Mining
19:26 Town Watch
19:56 Padded Archer Armor
20:38 Bloodlines
27:20 Horse Collar
eXorcist
7:14 Loom
8:01 Loom
15:45 Feudal Age
19:56 Castle Age
20:11 Pikeman
20:53 Squires
20:38 Arson
21:07 Forging
20:57 Scale Mail Armor
22:07 Scale Mail Armor
24:24 Iron Casting
24:17 Chain Mail Armor
FC_Satuplese
4:00 Loom
14:34 Feudal Age
20:03 Gold Mining
20:02 Double-Bit Axe
23:35 Castle Age
23:55 Fletching
24:07 Padded Archer Armor
24:13 Crossbowman
26:14 Wheelbarrow
28:07 Man-at-Arms
28:32 Gambesons
FC_CamShaca
2:59 Loom
14:02 Feudal Age
15:50 Double-Bit Axe
18:18 Castle Age
18:21 Bloodlines
18:19 Scale Barding Armor
18:20 Town Watch
19:23 Horse Collar
21:27 Wheelbarrow
21:27 Forging
24:53 Gold Mining
26:52 Hand Cart
26:53 Stone Mining
27:34 Heavy Plow
29:02 Chain Barding Armor
Connection lost

Rejoining the realm…

Still unreachable

The connection could not be restored.

Session expired

The server has moved on; the page needs a fresh start.